 Dungeon Crawl Stone Soup version 0.13-a0-3016-gcb2faac (webtiles) character file.

136 PolkaDot the Stinger (level 3, -5/24 HPs)
             Began as a Vampire Venom Mage on Sept 10, 2013.
             Killed from afar by Sigmund (11 damage)
             ... with a magic dart
             ... on Level 2 of the Dungeon.
             The game lasted 00:06:00 (813 turns).

PolkaDot the Stinger (Vampire Venom Mage)            Turns: 813, Time: 00:06:00

HP  -5/24        AC  2     Str  7      XL: 3   Next: 37%
MP   1/7         EV 12     Int 18      God:
Gold 93          SH  0     Dex 14      Spells:  2 memorised,  2 levels left

Res.Fire  : . . .   See Invis. : +   e - +2 dagger
Res.Cold  : . . .   Warding    : .   a - +0 robe
Life Prot.: . . .   Conserve   : .   (no shield)
Res.Poison: .       Res.Corr.  : .   (no helmet)
Res.Elec. : .       Clarity    : .   (no cloak)
Sust.Abil.: . .     Spirit.Shd : .   (no gloves)
Res.Mut.  : .       Stasis     : .   (no boots)
Res.Rott. : .       Flight     : .   (no amulet)
Saprovore : . . .                    (no ring)
                                     (no ring)

@: regenerating quickly, slightly resistant to hostile enchantments, stealthy
A: fangs 3, see invisible, unbreathing
a: no special abilities


You were on level 2 of the Dungeon.
You were very full.

You visited 1 branch of the dungeon, and saw 2 of its levels.

You collected 73 gold pieces.

Inventory:

Hand weapons
 e - a +2,+2 dagger (weapon)
Armour
 a - a +0 robe (worn)
Scrolls
 d - a scroll of teleportation {unknown}
 f - a scroll of enchant armour {unknown}
Potions
 g - a potion of heal wounds {unknown}
 h - a potion of might {unknown}
 i - a potion of restore abilities {unknown}
 j - 2 potions of speed {unknown}
Books
 b - a Young Poisoner's Handbook

   Spells                             Type                      Level
   *Sting                             Conjuration/Poison           1
   *Cure Poison                       Poison                       2
   Mephitic Cloud                     Conjuration/Poison/Air       3
   Olgreb's Toxic Radiance            Poison                       4
   Venom Bolt                         Conjuration/Poison           5


   Skills:
 - Level 2.1 Dodging
 - Level 3.0 Stealth
 + Level 1.7 Spellcasting
 * Level 4.4 Poison Magic


You had 2 spell levels left.
You knew the following spells:

 Your Spells              Type           Power        Failure   Level  Hunger
a - Sting                 Conj/Pois      #...         10%         1    #......
q - Cure Poison           Pois           ###.......   6%          2    ###....


Dungeon Overview and Level Annotations

Branches:
Dungeon (2/27)

Altars:

Annotations:
D:2 Sigmund


Innate Abilities, Weirdness & Mutations

Your natural rate of healing is unusually fast.
You have razor-sharp teeth.*
You have supernaturally acute eyesight.
You can survive without breathing.*


Message History

Confirm with . or Enter, or press ? or * to list all spells.
Aiming: Sting
Press: ? - help, Shift-Dir - straight line, f/p - Sigmund
Aim: Sigmund, wielding a runed scythe and wearing a glowing robe (moderately wounded, poisoned, slightly transparent)
The sting misses Sigmund.
Sigmund misses you.
Casting: Sting
Confirm with . or Enter, or press ? or * to list all spells.
Aiming: Sting
Press: ? - help, Shift-Dir - straight line, f/p - Sigmund
Aim: Sigmund, wielding a runed scythe and wearing a glowing robe (moderately wounded, poisoned, slightly transparent)
The sting hits Sigmund.
Sigmund looks even sicker.
Sigmund is moderately wounded.
Sigmund screams, "Die, monster!"
Sigmund laughs darkly.
Sigmund gestures at you while chanting. The puff of flame hits you!
* * * LOW HITPOINT WARNING * * *
Sigmund casts a spell at you. The magic dart hits you!
You die...

... #.# #%# #.# #.#
#.# #.# #.# ##.##
#.# ##..@## #.#
###.[...### #.#
#.........########.#
#.###.#...@........#
.>.
...#.#.#.######## #
###.....#.#
#.#.#.#.# #.#.....#
......### ##.#####
#.


You could see Sigmund (invisible).

Vanquished Creatures
  An adder (D:2)
  A giant mite (D:1)
  A giant gecko (D:1)
  6 hobgoblins (D:1)
  A kobold (D:1)
  A quokka (D:2)
  5 bats (D:1)
  2 giant cockroaches
  5 goblins (D:1)
  3 rats (D:1)
26 creatures vanquished.

Notes
Turn   | Place    | Note
--------------------------------------------------------------
     0 | D:1      | PolkaDot, the Vampire Venom Mage, began the quest for the Orb.
     0 | D:1      | Reached XP level 1. HP: 13/13 MP: 4/4
   278 | D:1      | Reached XP level 2. HP: 19/19 MP: 3/5
   294 | D:1      | Reached skill level 4 in Poison Magic
   562 | D:1      | Reached XP level 3. HP: 24/24 MP: 4/7
   571 | D:1      | Learned a level 2 spell: Cure Poison
   792 | D:2      | Noticed Sigmund
   813 | D:2      | Killed from afar by Sigmund

Action                   || total
-------------------------++-------
Melee: Dagger            ||    24
       Unarmed           ||     2
 Cast: Sting             ||    45
  Use: Potion            ||     1
 Stab: Sleeping          ||     2
